Map: Ujari

Players

killayou

  • Race: Protoss Protoss
  • League: Diamond
  • Spawn Location: 0:00

Metasapien

  • Race: Zerg Zerg
  • League: Platinum
  • Spawn Location: 9:00

Victumin

  • Race: Protoss Protoss
  • Spawn Location: 9:00

grendel - Winner!

  • Race: Zerg Zerg
  • Spawn Location: 0:00

ESSS - Winner!

  • Race: Zerg Zerg
  • Spawn Location: 3:00

TaterToss - Winner!

  • Race: Protoss Protoss
  • League: Platinum
  • Spawn Location: 3:00

VOD

Have the link to the VOD?

Description

Time

  • Played on: Sept. 24, 2017, 3:28 p.m.
  • Length: 13:35
Show
View Real Time Build Order
Export as new Build Order

killayou Protoss 

Build Orders: Blink Stalkers 

Get SALT Encoding   

  12  0:03  Probe (Chrono Boost)  
  14  0:14  Probe (Chrono Boost)  
  14  0:25  Pylon  
  14  0:26  Probe (Chrono Boost)  
  15  0:33  Assimilator  
  15  0:43  Probe (Chrono Boost)  
  15  0:46  Gateway  
  16  0:53  Assimilator  
  16  0:54  Probe (Chrono Boost)  
  17  1:05  Probe (Chrono Boost)  
  17  1:09  Pylon  
  18  1:15  Probe (Chrono Boost)  
  19  1:26  Probe (Chrono Boost)  
  20  1:34  Cybernetics Core  
  20  1:36  Probe (Chrono Boost)  
  21  1:45  Pylon  
  21  1:47  Probe (Chrono Boost)  
  22  2:00  Probe (Chrono Boost)  
  23  2:07  Gateway  
  23  2:10  Probe (Chrono Boost)  
  23  2:12  Warp Gate (Chrono Boost)  
  26  2:22  Mothership Core  
  26  2:30  Forge  
  26  2:35  Pylon  
  26  2:42  Stalker  
  26  2:43  Probe  
  29  2:57  Twilight Council  
  29  3:00  Stalker  
  31  3:07  Protoss Ground Weapons Level 1  
  31  3:21  Probe  
  32  3:27  Pylon  
  32  3:33  Probe  
  33  3:40  Blink (Chrono Boost)  
  33  3:57  Nexus  
  33  4:03  Pylon  
  33  4:11  Assimilator  
  33  4:17  Photon Cannon  
  33  4:22  Probe  
  34  4:34  Probe  
  35  4:39  Stalker  
  35  4:40  Stalker  
  39  4:55  Pylon  
  39  4:56  Pylon  
  39  5:00  Pylon  
  39  5:06  Protoss Ground Armor Level 1  
  39  5:18  Robotics Facility  
  39  5:25  Stalker  
  41  5:33  Stalker  
  43  5:36  Probe x2  
  45  5:43  Assimilator  
  45  5:49  Stalker  
  47  5:57  Stalker  
  47  6:00  Probe  
  47  6:01  Probe  
  51  6:13  Probe  
  52  6:22  Gateway  
  52  6:26  Gateway  
  52  6:29  Gateway  
  52  6:36  Gateway  
  52  6:41  Robotics Facility  
  52  6:52  Gateway  
  52  7:00  Forge  
  52  7:04  Pylon  
  52  7:12  Pylon  
  52  7:31  Nexus  
  52  7:36  Protoss Ground Weapons Level 2  
  52  7:44  Protoss Shields Level 1  
  52  7:48  Probe x2  
  54  7:56  Observer x2  
  56  8:00  Probe  
  57  8:09  Pylon  
  57  8:14  Pylon  
  57  8:18  Observer x2  
  59  8:29  Stalker x3  
  65  8:42  Probe x2  
  65  8:43  Probe  
  65  8:47  Assimilator  
  68  8:50  Assimilator  
  68  8:55  Probe  
  69  8:57  Stalker  
  75  9:10  Immortal  
  75  9:16  Robotics Bay  
  75  9:25  Immortal  
  75  9:27  Probe  
  80  9:35  Probe  
  80  9:38  Probe  
  82  9:46  Probe x2  
  82  9:49  Probe  
  85  9:56  Probe  
  85  9:58  Probe  
  85  9:59  Probe  
  87  10:03  Immortal  
  92  10:07  Probe  
  92  10:08  Protoss Ground Weapons Level 3  
  92  10:10  Probe x2  
  95  10:17  Probe  
  95  10:20  Probe  
  97  10:28  Zealot x2  
  97  10:29  Zealot x2  
  97  10:32  Zealot  
  103  10:42  Colossus  
  103  10:58  Robotics Bay  
  103  11:02  Robotics Facility  
  103  11:22  Probe, Nexus  
  104  11:32  Stalker  
  106  11:33  Probe, Stalker  
  106  11:36  Zealot  
  111  11:42  Stalker  
  111  11:44  Stalker  
  115  12:21  Stalker x2  
  115  12:22  Stalker x2  
  123  12:24  Stalker x2  
  82  12:54  Stalker  
  82  12:56  Stalker  
  82  12:57  Stalker x2  
Show
View Real Time Build Order
Export as new Build Order

Metasapien Zerg 

Build Orders: Pool First 

Get SALT Encoding   

  12  0:01  Drone  
  13  0:25  Spawning Pool  
  13  0:26  Drone  
  13  0:31  Extractor  
  13  0:33  Drone  
  13  0:43  Overlord  
  13  1:11  Hatchery  
  13  1:15  Zergling x2  
  13  1:19  Drone  
  13  1:24  Drone  
  15  1:32  Drone  
  16  1:37  Drone  
  17  1:51  Drone  
  18  1:59  Drone  
  19  2:10  Drone  
  20  2:15  Spine Crawler  
  20  2:22  Zergling x2  
  20  2:26  Drone  
  20  2:28  Queen  
  23  2:31  Queen  
  23  2:36  Overlord  
  25  2:43  Drone  
  26  2:45  Drone  
  26  2:50  Metabolic Boost  
  27  2:55  Drone  
  27  2:58  Drone  
  29  3:01  Drone  
  30  3:06  Drone  
  31  3:16  Extractor  
  31  3:17  Overlord  
  30  3:21  Overlord  
  30  3:32  Spore Crawler  
  29  3:34  Overlord  
  29  3:38  Drone  
  29  3:40  Drone x2  
  32  3:55  Hatchery  
  31  4:01  Drone x3  
  34  4:04  Drone  
  35  4:12  Lair  
  35  4:22  Spore Crawler  
  35  4:23  Drone x2  
  36  4:27  Drone x2  
  36  4:28  Drone  
  39  4:33  Drone x2, Extractor  
  39  4:35  Drone  
  41  4:42  Queen  
  43  4:52  Roach Warren  
  42  4:55  Drone  
  42  4:57  Drone x2  
  42  4:58  Drone x2  
  48  5:07  Drone x4  
  48  5:09  Drone  
  48  5:11  Drone  
  53  5:22  Drone  
  53  5:27  Hydralisk Den  
  53  5:31  Infestation Pit  
  53  5:33  Drone  
  53  5:34  Drone x2  
  55  5:36  Drone, Extractor  
  55  5:41  Overlord x3  
  55  5:54  Roach x5  
  55  5:55  Zergling x2  
  66  5:58  Overlord  
  66  6:05  Spine Crawler  
  66  6:07  Spore Crawler  
  64  6:13  Spine Crawler  
  64  6:15  Roach, Hydralisk x3  
  71  6:22  Pneumatized Carapace  
  71  6:24  Burrow  
  71  6:26  Drone x2  
  71  6:30  Drone  
  71  6:31  Drone x2  
  71  6:32  Drone  
  77  6:34  Drone  
  77  6:37  Drone  
  77  6:38  Drone  
  80  6:41  Drone x3  
  83  6:47  Overlord  
  83  6:50  Overseer  
  83  6:57  Muscular Augments  
  83  7:05  Drone x3  
  83  7:06  Drone  
  83  7:08  Extractor  
  86  7:09  Extractor  
  86  7:10  Hydralisk  
  86  7:11  Hydralisk x2  
  86  7:12  Roach x3  
  86  7:14  Roach  
  99  7:21  Nydus Network  
  98  7:28  Drone x3  
  101  7:30  Drone  
  101  7:31  Drone x2  
  101  7:33  Roach  
  106  7:52  Glial Reconstitution  
  106  8:01  Evolution Chamber  
  105  8:05  Queen  
  105  8:06  Evolution Chamber  
  106  8:14  Overlord x4  
  106  8:15  Overlord  
  106  8:17  Overseer  
  106  8:18  Overseer  
  106  8:24  Spine Crawler  
  105  8:27  Drone  
  105  8:29  Overlord x2  
  105  8:32  Overlord  
  105  8:33  Queen x2  
  110  8:34  Hydralisk x2  
  110  8:35  Roach x2  
  113  8:53  Hydralisk x3  
  113  8:54  Roach x3  
  113  8:55  Queen  
  116  9:12  Extractor  
  115  9:20  Overseer  
  115  9:31  Queen  
  115  9:32  Zerg Ground Armor Level 1, Zerg Missile Weapons Level 1  
  117  9:39  Infestation Pit  
  117  9:40  Hydralisk Den  
  115  9:45  Roach Warren  
  114  10:08  Spore Crawler, Hatchery  
  114  10:12  Spore Crawler, Hydralisk  
  114  10:13  Hydralisk x5  
  114  10:14  Roach x2, Hydralisk x5  
  123  10:15  Roach x3  
  143  10:28  Hatchery  
  142  10:36  Swarm Host  
  166  10:48  Zergling x8  
  170  10:53  Nydus Canal  
  162  11:26  Swarm Host  
  116  11:51  Hydralisk  
  116  11:52  Roach x2, Hydralisk x5  
  116  11:53  Roach x2  
  102  12:09  Hydralisk x4  
  110  12:18  Zergling x8  
  114  12:26  Drone x4  
  118  12:48  Hydralisk  
  118  12:49  Hydralisk x4  
Show
View Real Time Build Order
Export as new Build Order

Victumin Protoss 

Build Orders:  

Get SALT Encoding   

  12  0:03  Probe (Chrono Boost)  
  13  0:25  Pylon  
  13  0:29  Probe (Chrono Boost)  
  14  0:46  Gateway  
  15  0:50  Probe (Chrono Boost)  
  15  0:56  Assimilator  
  15  1:00  Probe (Chrono Boost)  
  16  1:17  Forge  
  16  1:18  Pylon  
  16  1:20  Probe (Chrono Boost)  
  17  1:30  Probe (Chrono Boost)  
  18  1:46  Cybernetics Core  
  18  1:59  Photon Cannon  
  18  2:01  Photon Cannon  
  18  2:10  Probe (Chrono Boost)  
  19  2:20  Probe (Chrono Boost)  
  20  2:34  Nexus  
  20  2:37  Probe (Chrono Boost)  
  20  2:42  Assimilator  
  21  2:49  Probe (Chrono Boost)  
  22  3:00  Probe (Chrono Boost)  
  23  3:10  Probe (Chrono Boost)  
  24  3:21  Probe (Chrono Boost)  
  24  3:22  Pylon  
  24  3:25  Pylon  
  25  3:31  Probe (Chrono Boost)  
  26  3:42  Probe (Chrono Boost)  
  26  3:44  Stargate x2  
  26  3:47  Stargate  
  27  3:51  Probe (Chrono Boost)  
  27  3:53  Probe (Chrono Boost)  
  29  4:05  Probe (Chrono Boost), Assimilator  
  29  4:07  Probe (Chrono Boost)  
  31  4:10  Assimilator  
  31  4:16  Probe (Chrono Boost)  
  32  4:17  Probe (Chrono Boost)  
  33  4:26  Probe (Chrono Boost)  
  33  4:28  Probe (Chrono Boost)  
  35  4:37  Probe (Chrono Boost)  
  37  4:38  Probe (Chrono Boost)  
  37  4:47  Probe (Chrono Boost)  
  37  4:49  Probe (Chrono Boost)  
  39  4:55  Fleet Beacon  
  39  4:58  Probe (Chrono Boost)  
  39  4:59  Probe (Chrono Boost)  
  41  5:08  Probe (Chrono Boost)  
  41  5:10  Probe (Chrono Boost)  
  41  5:14  Nexus  
  43  5:19  Probe (Chrono Boost)  
  43  5:20  Probe (Chrono Boost)  
  45  5:29  Stargate  
  45  5:33  Stargate  
  45  5:38  Probe x2 (Chrono Boost)  
  45  5:40  Assimilator  
  47  5:45  Assimilator  
  47  5:48  Probe (Chrono Boost)  
  47  5:49  Probe (Chrono Boost)  
  49  5:57  Graviton Catapult  
  49  5:59  Carrier  
  55  6:10  Carrier  
  61  6:25  Carrier  
  61  6:29  Probe x3 (Chrono Boost)  
  70  6:39  Probe (Chrono Boost)  
  72  6:40  Probe (Chrono Boost)  
  72  6:49  Probe (Chrono Boost)  
  72  6:50  Probe x2 (Chrono Boost)  
  75  6:59  Probe (Chrono Boost)  
  75  7:00  Probe (Chrono Boost)  
  77  7:02  Pylon  
  77  7:04  Pylon  
  77  7:09  Pylon  
  77  7:10  Pylon  
  77  7:20  Carrier, Probe x2 (Chrono Boost)  
  86  7:22  Probe (Chrono Boost)  
  86  7:31  Carrier, Probe (Chrono Boost)  
  93  7:39  Robotics Facility  
  93  7:52  Carrier  
  99  8:15  Pylon  
  98  9:19  Pylon  
  98  9:24  Pylon  
  98  9:27  Pylon  
  98  9:37  Observer (Chrono Boost)  
  99  9:41  Carrier  
  99  9:44  Carrier x2  
  117  10:25  Pylon  
  117  10:26  Pylon  
  117  10:27  Pylon  
  117  10:30  Pylon  
  117  10:31  Pylon  
  117  10:33  Pylon  
  117  10:34  Pylon  
  117  10:42  Carrier  
  117  10:44  Carrier, Observer (Chrono Boost)  
  130  11:02  Observer (Chrono Boost)  
  131  11:07  Carrier  
  131  11:10  Carrier x2  
Show
View Real Time Build Order
Export as new Build Order

grendel Zerg - Winner!

Build Orders: Pool First 

Get SALT Encoding   

  12  0:02  Drone  
  13  0:22  Spawning Pool  
  12  0:52  Hatchery  
  11  1:11  Zergling x6  
  14  1:22  Overlord  
  14  1:29  Extractor  
  13  1:33  Extractor  
  13  1:34  Queen  
  15  1:47  Drone  
  15  1:48  Drone  
  17  2:22  Drone x5  
  21  2:36  Extractor  
  20  2:37  Queen  
  20  2:39  Queen  
  20  2:41  Drone  
  25  2:57  Spore Crawler  
  24  3:03  Drone x3  
  27  3:06  Overlord  
  27  3:25  Drone x4  
  31  3:40  Spine Crawler  
  30  3:46  Drone  
  30  3:48  Drone  
  32  3:54  Lair  
  32  3:59  Drone x2  
  32  4:01  Drone  
  35  4:09  Overlord  
  35  4:13  Overlord  
  35  4:15  Extractor  
  34  4:20  Spore Crawler  
  33  4:26  Spine Crawler  
  32  4:48  Drone x4  
  32  4:49  Drone x4  
  40  4:58  Infestation Pit  
  39  5:12  Drone x6  
  45  5:41  Overlord x3  
  50  6:02  Hydralisk Den  
  70  6:29  Overlord  
  70  6:30  Overlord  
  73  6:38  Drone x3, Extractor  
  75  6:57  Spire  
  74  7:28  Burrow  
  74  7:30  Overlord  
  74  8:37  Zerg Flyer Armor Level 1  
  74  8:54  Hive  
  74  9:05  Metabolic Boost  
  74  9:09  Drone x4  
  80  9:10  Drone x2  
  80  9:45  Hatchery  
  79  9:50  Overlord  
  79  9:51  Overlord  
  79  9:53  Corruptor  
  79  9:54  Corruptor x7  
  79  9:55  Corruptor x2  
  79  9:57  Overlord x2  
  99  10:09  Corruptor x2  
  103  10:22  Pneumatized Carapace, Corruptor  
  103  10:23  Corruptor x2  
  109  10:31  Zerg Flyer Weapons Level 1  
  109  10:45  Corruptor x2  
  113  10:55  Corruptor  
  115  11:09  Zergling x2  
  115  11:10  Zergling x14  
  119  11:34  Corruptor x4  
  127  11:48  Drone x2  
  127  11:49  Drone x5  
  134  12:06  Corruptor  
Show
View Real Time Build Order
Export as new Build Order

ESSS Zerg - Winner!

Build Orders: Pool First, Lurkers 

Get SALT Encoding   

  12  0:02  Drone  
  13  0:13  Drone  
  14  0:18  Extractor  
  13  0:22  Drone  
  13  0:28  Extractor  
  13  0:34  Drone  
  14  0:36  Overlord  
  14  0:47  Overlord  
  14  1:22  Drone x2, Spawning Pool  
  14  1:23  Drone, Evolution Chamber  
  15  1:38  Drone  
  16  2:00  Pneumatized Carapace  
  16  2:11  Drone x2  
  16  2:15  Drone  
  19  2:17  Hatchery  
  18  2:27  Drone  
  19  2:34  Zergling x2  
  20  2:42  Baneling Nest  
  19  2:45  Queen  
  19  2:47  Drone  
  22  3:08  Zergling x4  
  24  3:13  Spine Crawler  
  24  3:17  Drone  
  24  3:22  Lair  
  24  3:30  Spore Crawler  
  24  3:33  Zergling x2  
  24  3:34  Metabolic Boost  
  24  3:37  Drone  
  24  3:40  Drone x2  
  27  3:50  Drone  
  28  3:56  Drone x3  
  28  4:00  Zergling x2  
  32  4:11  Zergling x2  
  32  4:14  Drone x2  
  35  4:17  Overlord  
  35  4:30  Hydralisk Den  
  34  4:31  Zergling x2  
  34  4:32  Centrifical Hooks  
  35  4:39  Drone  
  35  4:42  Drone x2  
  38  4:53  Drone  
  38  4:57  Extractor  
  38  5:01  Drone x4, Extractor  
  38  5:02  Extractor  
  38  5:04  Drone  
  41  5:14  Nydus Network  
  40  5:28  Hydralisk  
  42  5:38  Lurker Den  
  42  5:42  Drone x2  
  44  5:43  Overlord  
  44  5:45  Overlord  
  44  5:58  Zerg Ground Armor Level 1  
  44  6:03  Drone x3  
  47  6:05  Drone  
  48  6:16  Drone x3  
  51  6:22  Hydralisk  
  53  6:25  Hydralisk  
  53  6:29  Drone  
  53  6:31  Drone  
  57  6:38  Zergling x2  
  58  6:41  Baneling x2  
  58  6:42  Baneling x5  
  58  6:45  Baneling x2  
  58  6:49  Baneling  
  58  6:50  Baneling x3  
  58  6:53  Hydralisk  
  60  7:05  Overlord x2  
  60  7:24  Drone x4  
  60  7:25  Hydralisk x3  
  70  7:30  Zergling x2  
  70  7:31  Zergling x2  
  72  7:38  Lurker x3  
  75  7:53  Zergling x2  
  75  7:55  Overlord x3  
  76  8:22  Nydus Canal  
  76  8:25  Hydralisk x6  
  56  9:14  Hydralisk x6  
  68  9:30  Hydralisk x2  
  72  9:34  Muscular Augments  
  72  9:41  Hydralisk x2  
  76  9:51  Queen, Hatchery  
  76  9:52  Burrow  
  77  9:57  Zergling x8  
  81  10:04  Zergling x2  
  82  10:11  Hydralisk x2  
  86  10:18  Lurker x2, Infestation Pit  
  88  10:21  Zergling x8  
  88  10:27  Drone  
  92  10:32  Drone  
  93  11:04  Nydus Canal  
  93  11:20  Drone x4  
  93  11:21  Drone x2  
  50  12:19  Spawning Pool  
  50  12:21  Evolution Chamber  
  48  12:47  Infestation Pit  
  47  12:54  Hydralisk Den  
  46  13:03  Nydus Canal  
  46  13:07  Zergling x18  
  46  13:08  Zergling x12  
  46  13:09  Zergling x6  
  46  13:10  Zergling x2  
  65  13:15  Zergling x12  
  65  13:16  Zergling x2  
Show
View Real Time Build Order
Export as new Build Order

TaterToss Protoss - Winner!

Build Orders: Carrier Rush 

Get SALT Encoding   

  12  0:02  Probe (Chrono Boost)  
  13  0:15  Pylon  
  13  0:18  Probe (Chrono Boost)  
  14  0:29  Probe (Chrono Boost)  
  15  0:39  Probe (Chrono Boost)  
  17  0:50  Probe (Chrono Boost)  
  17  1:00  Probe (Chrono Boost)  
  18  1:12  Nexus  
  18  1:16  Gateway  
  18  1:19  Probe (Chrono Boost)  
  19  1:29  Probe (Chrono Boost), Assimilator  
  20  1:40  Probe (Chrono Boost)  
  20  1:44  Forge  
  21  1:50  Probe (Chrono Boost)  
  21  1:52  Pylon  
  23  2:01  Probe (Chrono Boost), Assimilator  
  23  2:12  Cybernetics Core  
  23  2:18  Pylon  
  23  2:20  Probe (Chrono Boost)  
  24  2:26  Probe (Chrono Boost)  
  25  2:30  Probe (Chrono Boost)  
  25  2:37  Probe (Chrono Boost)  
  27  2:44  Pylon  
  27  2:54  Probe (Chrono Boost), Photon Cannon  
  27  2:55  Probe (Chrono Boost)  
  29  3:04  Probe (Chrono Boost)  
  30  3:09  Stargate  
  30  3:13  Probe (Chrono Boost)  
  30  3:17  Probe (Chrono Boost)  
  32  3:23  Probe (Chrono Boost)  
  33  3:37  Nexus  
  33  3:38  Probe (Chrono Boost)  
  33  3:40  Pylon  
  35  3:41  Probe (Chrono Boost)  
  35  3:49  Probe (Chrono Boost)  
  36  4:00  Fleet Beacon  
  36  4:05  Photon Cannon  
  36  4:08  Probe x2 (Chrono Boost)  
  38  4:14  Photon Cannon  
  38  4:18  Probe x2 (Chrono Boost)  
  40  4:24  Assimilator  
  40  4:28  Assimilator  
  40  4:29  Probe x2 (Chrono Boost)  
  42  4:32  Photon Cannon  
  42  4:39  Probe (Chrono Boost)  
  42  4:40  Photon Cannon  
  43  4:49  Probe (Chrono Boost)  
  43  4:50  Probe (Chrono Boost)  
  43  4:52  Probe (Chrono Boost)  
  46  4:55  Carrier (Chrono Boost)  
  52  5:00  Graviton Catapult  
  52  5:04  Protoss Air Weapons Level 1  
  52  5:07  Probe x2  
  52  5:09  Probe  
  55  5:17  Protoss Shields Level 1  
  55  5:23  Probe x2  
  55  5:25  Probe  
  58  5:34  Probe  
  59  5:49  Stargate  
  59  5:50  Pylon, Stargate  
  59  5:55  Assimilator  
  59  5:57  Probe x2  
  59  5:59  Probe  
  59  6:00  Assimilator  
  59  6:03  Pylon  
  62  6:05  Pylon  
  62  6:07  Robotics Facility  
  62  6:10  Photon Cannon  
  62  6:12  Cybernetics Core  
  62  6:14  Probe  
  62  6:15  Probe  
  62  6:16  Probe  
  65  6:25  Probe  
  66  6:33  Carrier (Chrono Boost)  
  72  6:40  Carrier (Chrono Boost)  
  78  6:48  Probe x2  
  78  6:49  Probe  
  81  6:55  Observer  
  81  6:58  Protoss Air Armor Level 1  
  81  7:00  Probe  
  81  7:01  Probe x2  
  85  7:13  Probe x2, Mothership Core  
  85  7:14  Carrier (Chrono Boost)  
  95  7:25  Probe x2  
  97  7:32  Protoss Ground Armor Level 1  
  97  7:34  Probe  
  99  7:37  Probe  
  99  7:54  Carrier (Chrono Boost)  
  99  7:56  Pylon  
  105  7:59  Pylon  
  105  8:04  Pylon  
  105  8:09  Pylon  
  105  8:11  Pylon  
  105  8:13  Nexus  
  105  8:15  Carrier (Chrono Boost)  
  111  8:29  Carrier (Chrono Boost)  
  111  8:31  Stargate  
  117  8:42  Photon Cannon  
  117  8:45  Photon Cannon  
  117  8:55  Protoss Air Weapons Level 2  
  123  8:58  Protoss Air Armor Level 2  
  123  9:00  Probe  
  123  9:01  Probe  
  125  9:05  Assimilator  
  125  9:09  Assimilator  
  125  9:19  Carrier (Chrono Boost)  
  131  9:27  Probe  
  132  9:34  Carrier (Chrono Boost)  
  132  9:38  Probe  
  138  9:45  Observer  
  140  9:46  Carrier (Chrono Boost)  
  140  9:48  Probe  
  147  9:56  Twilight Council  
  147  10:09  Carrier (Chrono Boost)  
  153  10:16  Pylon  
  153  10:17  Pylon  
  153  10:19  Pylon  
  153  10:21  Pylon  
  153  10:22  Pylon  
  153  10:24  Pylon  
  153  10:42  Carrier (Chrono Boost)  
  159  10:51  Carrier (Chrono Boost)  
  165  11:02  Pylon  
  165  11:05  Pylon  
  165  11:16  Carrier (Chrono Boost)  
  171  11:30  Carrier (Chrono Boost)  
  191  13:03  Mothership Core  
Tags
 
Add a new tag
Caveats
  • Supply blocks, unpowered buildings, or Contaminate may cause inaccurate times.
  • Supply counts are checked every 10 seconds.